 Dungeon Crawl Stone Soup version 0.30-a0-54-g2e61a25929 (webtiles) character file.

Game seed: 11181914023875520175

35 Catman933 the Poker (level 3, 0/28 HPs)
             Began as a Merfolk Gladiator on Sept 7, 2022.
             Slain by a goblin
             ... wielding a +0 dagger
             ... led by Robin
              (1 damage)
             ... on level 2 of the Dungeon.
             The game lasted 00:03:44 (1545 turns).

Catman933 the Poker (Merfolk Gladiator)             Turns: 1545, Time: 00:03:45

Health: 0/28       AC:  4    Str: 14    XL:     3   Next: 35%
Magic:  3/3        EV: 14    Int:  7    God:
Gold:   59         SH:  0    Dex: 17    Spells: 2/2 levels left

rFire   . . .      SeeInvis .    a - +0 trident
rCold   . . .      Faith    .    (no shield)
rNeg    . . .      Spirit   .    b - +0 leather armour
rPois   .          Reflect  .    c - +0 helmet
rElec   .          Harm     .    (no cloak)
rCorr   .          Rampage  .    (no gloves)
Will    .....                    (no boots)
Stlth   +.........               (no amulet)
HPRegen 0.09/turn                (no ring)
MPRegen 0.08/turn                (no ring)

@: no status effects
A: (nimble swimmer 2), mertail
a: no special abilities


You were on level 2 of the Dungeon.
You visited 1 branch of the dungeon, and saw 2 of its levels.

You collected 59 gold pieces.

Inventory:

Hand Weapons
 a - a +0 trident (weapon)
Missiles
 d - 2 throwing nets (quivered)
 n - a javelin
Armour
 b - a +0 leather armour (worn)
 c - a +0 helmet (worn)
Scrolls
 e - a scroll of identify {unknown}
 f - a scroll of noise {unknown}
 j - a scroll of immolation {unknown}
 k - a scroll of poison {unknown}
 l - a scroll of fear {unknown}
 m - a scroll of acquirement {unknown}
Potions
 g - a potion of might {unknown}
 h - a potion of haste {unknown}
 i - a potion of curing {unknown}


   Skills:
 + Level 2.3 Fighting
 + Level 4.7 Polearms
 + Level 2.1 Throwing
 + Level 0.5 Armour
 + Level 4.6 Dodging
 + Level 0.1 Stealth


You had 2 spell levels left.
You didn't know any spells.
Your spell library was empty.

Dungeon Overview and Level Annotations

Branches:
Dungeon (2/15)

Altars:

Annotations:
D:2 Robin


Innate Abilities, Weirdness & Mutations

((You are very nimble when in or above water. (Stealth+, EV+, Speed+++)))
Your lower body shifts to a powerful aquatic tail in water.


Message History

You miss the goblin.
The goblin is moderately wounded.
The goblin misses you. The hobgoblin hits you.
The goblin hits you with a +0 club.
You hit the goblin.
The goblin is heavily wounded.
The goblin closely misses you. The hobgoblin barely misses you.
The goblin closely misses you.
You barely miss the goblin.
The goblin is heavily wounded.
The goblin hits you but does no damage. x2; The hobgoblin barely misses you.
You barely miss the goblin.
The goblin is heavily wounded.
The goblin misses you. The hobgoblin barely misses you.
The goblin hits you with a +0 club.
* * * LOW HITPOINT WARNING * * *
You barely miss the goblin.
The goblin is heavily wounded.
The goblin barely misses you. The hobgoblin misses you.
The goblin closely misses you.
Robin roars a battlecry!
You puncture the goblin!
You kill the goblin!
The goblin hits you with a +0 club.
* * * LOW HITPOINT WARNING * * *
The hobgoblin closely misses you.
Robin roars a battlecry!
The hobgoblin attacks as you move away! The hobgoblin barely misses you.
The goblin barely misses you.
You see here a +0 club.
The goblin no longer looks unusually strong.
The goblin attacks as you move away! The goblin misses you.
The goblin shouts!
The goblin no longer looks unusually strong.
The goblin completely misses you. The goblin hits you with a +0 club.
* * * LOW HITPOINT WARNING * * *
The goblin closely misses you. The goblin hits you with a +0 dagger.
You die...

#...........###.....
#...........# #....#
#...........# #....#
#########(#.###....#
####g#........#####
#..g.#.............
#.####...<.........
#...g.gg...........
#####g.g@..<.......
#..(...........
##.............
##############


You could see Robin, a hobgoblin and 3 goblins.

Vanquished Creatures
  2 endoplasms (D:1)
  7 goblins
  4 hobgoblins
  3 jackals (D:1)
  4 kobolds (D:1)
  3 quokkas
  2 bats (D:1)
  4 frilled lizards
  A rat (D:1)
30 creatures vanquished.

Notes
Turn   | Place    | Note
-------+----------+-------------------------------------------
     0 | D:1      | Catman933 the Merfolk Gladiator began the quest for the
                  | Orb.
     0 | D:1      | Reached XP level 1. HP: 16/16 MP: 1/1
   112 | D:1      | Reached XP level 2. HP: 10/22 MP: 2/2
   765 | D:1      | Reached XP level 3. HP: 28/28 MP: 3/3
   969 | D:1      | Found a faded altar of an unknown god.
  1010 | D:2      | Noticed Robin
  1544 | D:2      | HP: 1/28 [goblin/+0 club[Robin] (5)]
  1545 | D:2      | Slain by a goblin

Illustrated notes

Levels and vault maps discovered:
D:1:      saegor_arrival_simple_b, layout_basic,
          hellmonk_ecumenical_altar_leap_of_faith, bh_walls_and_bars
D:2:      layout_basic, feat_on_display, uniq_crazy_yiuf_cottage, uniq_robin

Action                   || total
-------------------------++-------
Melee: Trident           ||   118
Throw: Javelin           ||     2
       Throwing net      ||     1
Armor: Leather armour    ||    35
Dodge: Dodged            ||    89

Table legend: (Time is in decaauts)
 A = Elapsed time spent in this place.
 B = Non-inter-level travel time spent in this place.
 C = Inter-level travel time spent in this place.
 D = Time resting spent in this place.
 E = Time spent auto-exploring this place.
 F = Levels seen in this place.
 G = Mean time per level.
                   A        B        C        D        E       F      G
               +--------+--------+--------+--------+--------+-----+--------+
         Total |   1555 |   1448 |    107 |    298 |    836 |   2 |  777.5 |
       Dungeon |   1555 |   1448 |    107 |    298 |    836 |   2 |  777.5 |
               +--------+--------+--------+--------+--------+-----+--------+

Top non-repeatable levels by time:
     D:1: 1449 daAuts
     D:2: 106 daAuts
